 Dungeon Crawl Stone Soup version 0.21.1-1-g345015f (webtiles) character file.

30 shakethe the Skirmisher (level 3, -2/29 HPs)
             Began as a Demonspawn Fighter on Feb 18, 2018.
             Slain by a gnoll
             ... wielding a +0 flail
              (11 damage)
             ... on level 2 of the Dungeon.
             The game lasted 00:02:02 (725 turns).

shakethe the Skirmisher (Demonspawn Fighter)         Turns: 725, Time: 00:02:02

Health: -2/29      AC:  6    Str: 16    XL:     3   Next: 5%
Magic:  3/3        EV:  6    Int: 10    God:
Gold:   44         SH:  8    Dex: 12    Spells: 2/2 levels left

rFire    . . .     SeeInvis .   a - +0 war axe
rCold    + . .     Gourm    .   c - +0 shield
rNeg     . . .     Faith    .   b - +0 scale mail
rPois    .         Spirit   .   (no helmet)
rElec    .         Reflect  .   (no cloak)
rCorr    .         Harm     .   (no gloves)
MR       .....                  (no boots)
Stlth    ..........             (no amulet)
HPRegen  0.09/turn              (no ring)
MPRegen  0.08/turn              (no ring)

@: no status effects
A: cold resistance 1
a: no special abilities


You were on level 2 of the Dungeon.
You were not hungry.

You visited 1 branch of the dungeon, and saw 2 of its levels.

You collected 44 gold pieces.

Inventory:

Hand Weapons
 a - a +0 war axe (weapon)
Armour
 b - a +0 scale mail (worn)
 c - a +0 shield (worn)
 m - a +0 cloak
   (You found it on level 1 of the Dungeon)
Jewellery
 k - an uncursed ring of flight {unknown}
   (You found it on level 1 of the Dungeon)
Scrolls
 h - a scroll of magic mapping {unknown}
 i - 2 scrolls of identify {unknown}
 n - 2 scrolls of teleportation {unknown}
 o - 2 scrolls of remove curse {unknown}
 p - a scroll of enchant armour {unknown}
 q - a scroll of noise {unknown}
 r - a scroll of random uselessness {unknown}
Potions
 d - a potion of might
 e - 3 potions of resistance {unknown}
 g - a potion of lignification {unknown}
 j - a potion of flight {unknown}
 l - a potion of brilliance {unknown}
Comestibles
 f - a ration


   Skills:
 + Level 3.4 Fighting
 * Level 2.8 Axes
 - Level 2.6 Armour
 - Level 2.6 Shields


You had 2 spell levels left.
You didn't know any spells.

Dungeon Overview and Level Annotations

Branches:
Dungeon (2/15)

Altars:
Ru


Innate Abilities, Weirdness & Mutations

Your flesh is cold resistant. (rC+)


Message History

You regained 5 hp, and now have 25/29 hp.
MP restored: 3 Unknown command.
A kobold comes into view.
The kobold shouts!
The kobold throws a stone.
You block the stone.
You see here a stone.
The kobold throws a stone.
The stone hits you but does no damage.
You see here a stone.
The kobold throws a stone.
The stone closely misses you.
You slash the kobold!
You kill the kobold!
You slash the plant!
No target in view!
No target in view!
No target in view!
No target in view!
No target in view!
No target in view!
No target in view!
No target in view!
You see here a kobold corpse.
A dart slug comes into view.
You see here a metallic cyan potion. 2 gnolls and a kobold come into view.
The gnoll shouts! x2; You hear an angry hiss.
The kobold throws a stone.
You block the stone.
The gnoll moves out of view. x2
Found 12 gold pieces.
Found a sacrificial altar of Ru.
A leopard gecko and a quokka come into view.
The quokka moves out of view.
The dart slug bites you.
A rat and a hobgoblin come into view.
The hobgoblin shouts!
You hit the dart slug. You block the dart slug's attack.
You hit the dart slug but do no damage.
The kobold throws a stone.
The stone hits you but does no damage. The dart slug closely misses you.
The leopard gecko bites the plant.
The gnoll hits the plant with an enchanted halberd!
The kobold throws a stone.
The stone hits you but does no damage.
The leopard gecko bites the plant but does no damage.
You see here a stone.
The quokka bites the plant but does no damage.
The gnoll hits the plant with an enchanted halberd!
You see here a metallic cyan potion.
The kobold throws a stone.
You block the stone. The gnoll hits you but does no damage.
The kobold throws a stone.
The stone hits you but does no damage. The gnoll hits you with a flail!
You see here a stone.
You take 7 damage, and have 20/29 hp.
MASSIVE DAMAGE!!
You closely miss the gnoll. You hit the plant.
You hit the plant but do no damage.
The kobold throws a stone.
You block the stone. You block the gnoll's attack.
The kobold throws a stone.
The stone closely misses you. The gnoll hits you but does no damage.
The kobold throws a stone.
You block the stone.
The leopard gecko bites something.
You see here a stone.
The gnoll throws a throwing net.
The throwing net hits you.
You become entangled in the net!
You see here a throwing net {=f, !d}.
You tear a large gash into the net.
You struggle against the net.
You rip the net and break free!
You block the gnoll's attack. The kobold hits you but does no damage.
The gnoll barely misses you.
The kobold throws a stone.
You block the stone.
You see here a stone.
The dart slug launches a dart at you. The slug dart hits you!
You take 3 damage, and have 18/29 hp.
The kobold throws a stone.
The stone hits you.
You see here a stone.
You take 1 damage, and have 17/29 hp.
The quokka bites the plant but does no damage.
You see here a kobold corpse.
The quokka bites the plant.
The quokka bites the plant but does no damage.
The quokka bites the plant but does no damage.
Something bites the plant but does no damage.
You see here a stone.
You see here a stone.
You see here a stone.
Something hits the plant but does no damage.
You hit the gnoll. You block the gnoll's attack.
Something completely misses the plant.
The gnoll hits you with a flail.
You take 5 damage, and have 14/29 hp.
The gnoll barely misses you.
Your shield and scale mail prevent you from hitting the gnoll.
The gnoll hits you with a flail.
* * * LOW HITPOINT WARNING * * *
You take 6 damage, and have 8/29 hp.
MASSIVE DAMAGE!!
You hit the gnoll. You block the gnoll's attack. The gnoll barely misses you.
You block the gnoll's attack.
You open the door.
The leopard gecko bites you but does no damage.
The gnoll hits you with a flail!
You die...

♣♣..#..........# ##.#
♣..#..#........# ♣♣♣♣
♣♣.#........#.###
.♣?♣♣♣..#..#####.#.#
♣♣P♣♣..#..#....#.#.#
..........#.#.....
......##..#.#..#.#.#
#####.#...#.#..#'#.##
#.>..).#..Kgl@...#
#...w.w.....g..#.#
#..............#
#..............#
#..............#
#....###.......#
#....# #.......#
#....# #########
##'#.#


You could see 2 gnolls, a dart slug, a leopard gecko and a kobold.

Vanquished Creatures
  A dart slug (D:1)
  A leopard gecko (D:1)
  2 giant cockroaches
  6 hobgoblins
  A quokka (D:2)
  A ball python (D:1)
  3 bats
  A frilled lizard (D:1)
  4 kobolds
  5 rats (D:1)
25 creatures vanquished.

Vanquished Creatures (others)
  A plant (D:2)
1 creature vanquished.

Grand Total: 26 creatures vanquished

Notes
Turn   | Place    | Note
-------+----------+-------------------------------------------
     0 | D:1      | shakethe the Demonspawn Fighter began the quest for the Orb.
     0 | D:1      | Reached XP level 1. HP: 18/18 MP: 1/1
    60 | D:1      | Reached skill level 2 in Axes
   104 | D:1      | Gained mutation: Your flesh is cold resistant. (rC+) [demonic ancestry]
   104 | D:1      | Reached XP level 2. HP: 21/24 MP: 2/2
   646 | D:2      | Reached XP level 3. HP: 25/29 MP: 3/3
   673 | D:2      | Found a sacrificial altar of Ru.
   725 | D:2      | Slain by a gnoll

Skill      XL: |  1 |
---------------+----+-----
Axes           | 2 |  2.8
Fighting       | |  3.4
Armour         | |  2.6
Shields        | |  2.6

Action                   || total
-------------------------++-------
Melee: War axe           ||    83
Armor: Scale mail        ||    51
Dodge: Dodged            ||    25
Block: Shield            ||    59

Vault maps used:
D:1:      zaba_arrival_water
D:2:      wad_woods_stonehenge, makhleb_blood_cavern_becter, uniq_natasha

Table legend:
 A = Turns spent in this place as a percentage of turns spent in the entire game.
 B = Non-inter-level travel turns spent in this place as a percentage of non-inter-level travel turns spent in the entire game.
 C = Inter-level travel turns spent in this place as a percentage of turns spent in this place.
 D = Turns resting spent in this place as a percentage of non-inter-level travel turns spent in this place.
 E = Turns spent auto-exploring this place as a percentage of non-inter-level travel turns spent in this place.
 F = Non-inter-level travel turns spent in this place divided by the number of levels of this place that you've seen.
                   A       B       C       D       E      F
               +-------+-------+-------+-------+-------+----------------------
         Total | 100.0 | 100.0 |   0.0 |   0.0 |  63.6 | 362.5
       Dungeon | 100.0 | 100.0 |   0.0 |   0.0 |  63.6 | 362.5
               +-------+-------+-------+-------+-------+----------------------

Table legend:
 A = Kills in this place as a percentage of kills in entire the game.
 B = Kills by you in this place as a percentage of kills by you in the entire game.
 C = Kills by friends in this place as a percentage of kills by friends in the entire game.
 D = Other kills in this place as a percentage of other kills in the entire game.
 E = Experience gained in this place as a percentage of experience gained in the entire game.
 F = Experience gained in this place divided by the number of levels of this place that you have seen.
                   A       B       C       D       E      F
               +-------+-------+-------+-------+-------+----------------------
         Total | 100.0 | 100.0 |   N/A |   N/A | 100.0 |  22.0
       Dungeon | 100.0 | 100.0 |   N/A |   N/A | 100.0 |  22.0
               +-------+-------+-------+-------+-------+----------------------
